 Dungeon Crawl Stone Soup version 0.30-a0-964-gd452b5e7fa (webtiles) character file.

Game seed: 2624332745543314815

83785 DeathPants the Severer (level 15, -13/84 HPs)
             Began as a Vine Stalker Fighter on Mar 30, 2023.
             Was an Initiate of Gozag.
             Mangled by a white ugly thing (20 damage)
             ... on level 14 of the Dungeon.
             The game lasted 00:58:02 (16687 turns).

DeathPants the Severer (Vine Stalker Fighter)      Turns: 16687, Time: 00:58:03

Health: -13/84     AC: 20    Str: 19    XL:     15   Next: 78%
Magic:  0/27       EV: 12    Int: 16    God:    Gozag
Gold:   3608       SH: 11    Dex: 17    Spells: 13/28 levels left

rFire   + + .      SeeInvis .    a - +0 war axe (flame)
rCold   . . .      Faith    .    c - +0 buckler
rNeg    . . .      Spirit   +    O - +1 scale mail of Leapfrog {rCorr}
rPois   .          Reflect  +    Q - +1 hat
rElec   .          Rampage  .    V - +0 cloak "Forget-Me-Not" {rF++ Int+4}
rCorr   +                        y - +2 pair of gloves
Will    +....                    J - +1 pair of boots Stlth
                                 D - amulet of reflection
HPRegen 1.14/turn                s - +4 ring of slaying
MPRegen 0.20/turn                u - +4 ring of protection

@: no status effects
A: fangs 3, regeneration 1, magic shield, antimagic bite, no potion heal 2
a: Renounce Religion, Potion Petition, Call Merchant, Bribe Branch


You were on level 14 of the Dungeon.
You worshipped Gozag.
Gozag was most pleased with you.
You visited 3 branches of the dungeon, and saw 21 of its levels.

You collected 4803 gold pieces.
You spent 972 gold pieces at shops.
You paid 223 gold pieces to Gozag.

Inventory:

Hand Weapons
 a - a +0 war axe of flaming (weapon)
 K - a +2 dagger of venom
Missiles
 d - 7 javelins
 k - 6 atropa-tipped darts
 l - 15 boomerangs
 E - 5 curare-tipped darts
 U - 3 throwing nets (quivered)
Armour
 c - a +0 buckler (worn)
 h - the +1 cloak of Leaves {rN+ rCorr}
   (You bought it in a shop on level 13 of the Dungeon)

   rN:        It protects you from negative energy.
   rCorr:     It protects you from acid and corrosion.
 y - a +2 pair of gloves (worn)
 J - a +1 pair of boots (worn)
 O - the +1 scale mail of Leapfrog (worn) {rCorr}
   (You bought it in a shop on level 12 of the Dungeon)

   rCorr:     It protects you from acid and corrosion.
 Q - a +1 hat (worn)
 V - the +0 cloak "Forget-Me-Not" (worn) {rF++ Int+4}
   (You found it on level 5 of the Lair of Beasts)

   Int:       It affects your intelligence (+4).
   rF:        It greatly protects you from fire.
Jewellery
 e - a +6 ring of dexterity
 s - a +4 ring of slaying (left hand)
 u - a +4 ring of protection (right hand)
 B - a ring of see invisible
 D - an amulet of reflection (around neck)
 N - a ring of resist corrosion
Wands
 b - a wand of flame (14)
 w - a wand of roots (12)
 G - a wand of mindburst (8)
Scrolls
 i - 4 scrolls of teleportation
 n - a scroll of enchant weapon
 q - a scroll of fear
 r - a scroll of blinking
 C - 2 scrolls of fog
 H - 3 scrolls of amnesia
 L - a scroll of silence
 M - 2 scrolls of brand weapon
 P - 2 scrolls of identify
Potions
 f - 6 potions of attraction
 g - 5 potions of brilliance
 j - 5 potions of cancellation
 m - 13 potions of curing
 o - 2 potions of mutation
 p - 4 potions of might
 t - 3 potions of flight
 v - a potion of magic
 x - a potion of invisibility
 z - 3 potions of haste
 F - 4 potions of lignification
 T - a potion of resistance


   Skills:
 * Level 12.0 Fighting
 * Level 15.6 Axes
 - Level 6.5 Armour
 - Level 5.9 Dodging
 - Level 6.9 Shields
 - Level 7.3 Spellcasting
 * Level 9.4 Necromancy


You had 13 spell levels left.
You knew the following spells:

 Your Spells              Type           Power      Damage    Failure   Level
a - Dispel Undead         Necr           36%        3d15      9%          4
b - Agony                 Necr           36%        N/A       24%         5
c - Death Channel         Necr           18%        N/A       78%         6

Your spell library contained the following spells:

 Spells                   Type           Power      Damage    Failure   Level
 Sublimation of Blood     Necr           36%        N/A       1%          2
 Cigotuvi's Dreadful Rot  Necr/Pois/Air  30%        N/A       17%         2
 Foxfire                  Conj/Fire      20%        2x1d3     38%         1
 Lesser Beckoning         Tloc           10%        N/A       52%         2
 Scorch                   Fire           10%        2d6       52%         2
 Wereblood                Tmut           5%         N/A       52%         2
 Dazzling Flash           Conj/Hex       10%        N/A       77%         3
 Gell's Gravitas          Tloc           5%         N/A       77%         3
 Ignite Poison            Fire/Tmut/Pois 5%         N/A       77%         3
 Kindle Blastsparks       Fire/Tloc/Air  10%        2d10      77%         3
 Teleport Other           Tloc           5%         N/A       77%         3
 Flame Wave               Conj/Fire      5%         2d5       99%         4
 Sticky Flame             Conj/Fire      5%         2d3       99%         4
 Fireball                 Conj/Fire      2%         3d4       100%        5
 Freezing Cloud           Conj/Ice/Air   2%         6-21      100%        5
 Silence                  Hex/Air        2%         N/A       100%        5
 Yara's Violent Unravell  Hex/Tmut       2%         3d3       100%        5
 Dispersal                Tloc           2%         N/A       100%        6
 Starburst                Conj/Fire      2%         6d3       100%        6
 Summon Cactus Giant      Summ           2%         N/A       100%        6
 Enfeeble                 Hex            2%         N/A       100%        7
 Summon Hydra             Summ           2%         N/A       100%        7
 Ignition                 Fire           2%         3d3       100%        8


Dungeon Overview and Level Annotations

Branches:
Dungeon (15/15)            Temple (1/1) D:6            Lair (5/5) D:10
  Snake (0/4) Lair:2        Slime (0/5) Lair:5          Orc (0/2) D:10
 Vaults (0/5) D:13         Depths (0/4) D:15
  Swamp: Lair:2-3    Shoals: Lair:2-3

Altars:
Ashenzari
Cheibriados
Dithmenos
Elyvilon
Fedhas
Gozag
Hepliaklqana
Kikubaaqudgha
Makhleb
Nemelex Xobeh
Okawaru
Qazlal
Ru
Sif Muna
Trog
Uskayaw
Vehumet
Wu Jian
Xom
Yredelemnul
Zin
The Shining One
Jiyva

Shops:
D:7 !   D:12 [   D:13 [

Annotations:
D:7 2 transporters, IdlyInterested's ghost, novice DsGl
D:8 digging


Innate Abilities, Weirdness & Mutations

You have razor-sharp teeth.
Your natural rate of healing is unusually fast.
When hurt, damage is shared between your health and your magic reserves.
Your bite disrupts and absorbs the magic of your enemies.
Potions cannot restore your health.


Message History

You feel very sick.
You feel very sick.
You feel very sick.
You feel sick.
You feel sick.
You feel sick.
You feel sick.
You feel sick.
The cyan ugly thing basks in the mutagenic energy from its kin and changes!
The green ugly thing basks in the mutagenic energy from its kin and changes!
Found a potion of magic.
You feel sick.
You feel sick.
You feel sick.
You are no longer poisoned.
The white ugly thing basks in the mutagenic energy from its kin and changes!
The white ugly thing attacks as you move away!
The white ugly thing barely misses you.
The white ugly thing attacks as you move away!
The white ugly thing closely misses you.
The white ugly thing attacks as you move away!
You block the white ugly thing's attack. x2
The white ugly thing gores you. The white ugly thing freezes you!!
* * * LOW HITPOINT WARNING * * *
The white ugly thing gores you.
* * * LOW HITPOINT WARNING * * *
The white ugly thing freezes you!!
* * * LOW HITPOINT WARNING * * *
The white ugly thing attacks as you move away!
You block the white ugly thing's attack.
The white ugly thing kicks you but does no damage.
The white ugly thing basks in the mutagenic energy from its kin and changes!
The white ugly thing attacks as you move away!
You block the white ugly thing's attack.
The green ugly thing basks in the mutagenic energy from its kin and changes!
The white ugly thing attacks as you move away!
The white ugly thing kicks you!
* * * LOW HITPOINT WARNING * * *
The white ugly thing freezes you!!
You die...
Your body crumbles into a pile of gold.

#........... #...........
#......##### ###......#
#........#
#########........+
............u....########
.............u...........
.........<@u.########....
.............# .
.....######### ..... ....
####


You could see 3 ugly things.

Vanquished Creatures
  Gastronok (Lair:3)
  A tengu reaver (D:13)
  Josephine (Lair:3)
  A fire dragon (D:12)
  3 hydras
  A merfolk avatar (Lair:5)
  2 dancing weapons (D:13)
  Erica (D:11)
  4 boulder beetles
  4 death yaks (Lair:4)
  A tengu warrior (D:13)
  5 two-headed ogres
  Sonja (D:11)
  2 skysharks (Lair:5)
  Amaemon (Lair:1)
  A skeletal warrior (D:14)
  A sea snake (Lair:5)
  A phantasmal warrior (D:14)
  A harpy (Lair:5)
  A necromancer (D:14)
  2 deep elf pyromancers
  3 ugly things
  2 cyclopes
  A manticore (Lair:5)
  22 elephants
  5 black mambas
  9 cane toads
  2 gargoyles
  2 torpor snails (Lair:1)
  A kobold demonologist (D:13)
  An unseen horror (D:11)
  A rime drake (Lair:5)
  An orange demon (Lair:1)
  2 tengu conjurers (D:13)
  6 komodo dragons
  A queen bee (D:9)
  4 trolls
  A polar bear (shapeshifter) (D:14)
  2 hornets
  6 polar bears
  5 dream sheep (Lair:5)
  12 blink frogs
  A snapping turtle (Lair:5)
  16 slime creatures
  A vampire (D:11)
  4 wraiths (Lair:3)
  A water elemental (D:11)
  39 yaks
  2 wyverns
  A basilisk (D:12)
  3 steam dragons
  11 vampire mosquitoes
  4 nagas (Lair:2)
  An acid dragon (D:10)
  13 water moccasins
  A black bear (D:6)
  4 orc warriors
  2 ice beasts
  A sky beast (D:6)
  4 ogres
  8 wolves (Lair:5)
  5 centaurs
  2 phantoms
  3 kobold brigands
  2 scorpions
  8 bullfrogs
  A gnoll sergeant (D:5)
  25 killer bees (D:9)
  3 vampire bats (D:5)
  6 electric eels
  6 hounds
  Crazy Yiuf (D:4)
  7 jellies
  7 orc priests
  4 sleepcaps
  3 iguanas
  16 orc wizards
  11 gnolls
  7 adders
  3 shadow imps
  2 white imps
  4 ufetubi
  2 worms
  A dart slug (D:1)
  39 orcs
  3 ball pythons
  A bat skeleton (D:5)
  4 bat zombies (D:5)
  6 endoplasms
  5 giant cockroaches
  4 goblins
  12 hobgoblins
  5 quokkas
  5 bats
  3 frilled lizards
  21 kobolds
  5 rats
484 creatures vanquished.

Vanquished Creatures (others)
  29 fungi
  51 plants
  A withered plant (D:15)
81 creatures vanquished.

Grand Total: 565 creatures vanquished

Notes
Turn   | Place    | Note
-------+----------+-------------------------------------------
     0 | D:1      | DeathPants the Vine Stalker Fighter began the quest for the
                  | Orb.
     0 | D:1      | Reached XP level 1. HP: 11/11 MP: 2/2
    69 | D:1      | Reached skill level 2 in Axes
    71 | D:1      | Reached XP level 2. HP: 16/16 MP: 1/3
   733 | D:1      | Reached XP level 3. HP: 16/20 MP: 4/4
  1229 | D:3      | Reached skill level 3 in Axes
  1229 | D:3      | Gained mutation: Your natural rate of healing is unusually
                  | fast. [Vine Stalker growth]
  1229 | D:3      | Reached XP level 4. HP: 24/24 MP: 5/5
  1368 | D:2      | Reached XP level 5. HP: 24/28 MP: 4/6
  1888 | D:3      | Reached skill level 4 in Axes
  2136 | D:4      | Noticed an ogre
  2140 | D:4      | Killed an ogre
  2141 | D:4      | Reached XP level 6. HP: 16/33 MP: 2/7
  2520 | D:5      | Entered Level 5 of the Dungeon
  2535 | D:4      | Found a sparkling altar of Nemelex Xobeh.
  2574 | D:4      | Reached XP level 7. HP: 21/37 MP: 8/8
  2616 | D:4      | Reached skill level 5 in Axes
  3013 | D:4      | Found a runed translucent door.
  3014 | D:4      | Noticed Crazy Yiuf
  3019 | D:4      | Killed Crazy Yiuf
  3277 | D:5      | Gained mutation: You have razor-sharp teeth. [Vine Stalker
                  | growth]
  3277 | D:5      | Reached XP level 8. HP: 42/42 MP: 9/9
  3322 | D:5      | Reached skill level 6 in Axes
  3341 | D:5      | Reached skill level 5 in Fighting
  3341 | D:5      | Reached skill level 5 in Shields
  3377 | D:5      | Found an iron altar of Okawaru.
  3466 | D:5      | Noticed a +0 dagger
  3466 | D:5      | Noticed a +0 dagger
  3603 | D:5      | Found a hide-covered altar of Uskayaw.
  3884 | D:5      | Found an ancient bone altar of Kikubaaqudgha.
  4072 | D:6      | Reached skill level 7 in Axes
  4132 | D:6      | Found a staircase to the Ecumenical Temple.
  4145 | Temple   | Entered the Ecumenical Temple
  4311 | D:6      | Reached XP level 9. HP: 48/48 MP: 10/10
  4394 | D:6      | Reached skill level 8 in Axes
  4673 | D:7      | Noticed a hornet
  4680 | D:7      | Killed a hornet
  4681 | D:7      | Found Ferir's Distillery.
  4874 | D:6      | Found an opulent altar of Gozag.
  4881 | D:6      | Noticed a hornet
  4882 | D:6      | Became a worshipper of Gozag Ym Sagoz the Greedy
  4884 | D:6      | Paralysed by a hornet for 1 turns
  4893 | D:6      | Killed a hornet
  5049 | D:7      | Bought a potion of curing for 36 gold pieces
  5049 | D:7      | Bought 2 potions of might for 96 gold pieces
  5049 | D:7      | Bought a potion of might for 48 gold pieces
  5049 | D:7      | Bought a potion of curing for 36 gold pieces
  5049 | D:7      | Bought a potion of curing for 36 gold pieces
  5067 | D:7      | Reached skill level 9 in Axes
  5081 | D:7      | Reached XP level 10. HP: 52/53 MP: 11/11
  5144 | D:7      | Found a hazy altar of Hepliaklqana.
  5222 | D:7      | Found a transporter.
  5231 | D:7      | Noticed IdlyInterested's ghost (novice DsGl)
  5279 | D:7      | Found a transporter.
  5546 | D:7      | Noticed a gargoyle
  5697 | D:8      | Reached skill level 1 in Dodging
  5717 | D:8      | Found a stormy altar of Qazlal.
  5770 | D:8      | Noticed a two-headed ogre
  5775 | D:8      | Killed a two-headed ogre
  6342 | D:10     | Entered Level 10 of the Dungeon
  6342 | D:10     | Noticed a gargoyle
  6342 | D:10     | Noticed a two-headed ogre
  6349 | D:9      | Killed a two-headed ogre
  6350 | D:9      | Reached skill level 10 in Axes
  6374 | D:10     | Killed a gargoyle
  6447 | D:10     | Found a staircase to the Orcish Mines.
  6749 | D:9      | Reached XP level 11. HP: 34/60 MP: 12/12
  6983 | D:9      | Found an ornate altar of the Wu Jian Council.
  7072 | D:9      | Found a glowing golden altar of the Shining One.
  7282 | D:10     | Found a snail-covered altar of Cheibriados.
  7499 | D:10     | Found a staircase to the Lair.
  7658 | D:10     | Reached skill level 11 in Axes
  8019 | D:12     | Found Neusuw's Antique Armour Shoppe.
  8023 | D:12     | Bought a smelly scale mail for 234 gold pieces
  8023 | D:12     | Identified the +1 scale mail of Leapfrog {rCorr} (You
                  | bought it in a shop on level 12 of the Dungeon)
  8023 | D:12     | Bought a shiny ring mail for 182 gold pieces
  8087 | D:12     | Noticed a green ugly thing
  8097 | D:12     | Killed a green ugly thing
  8127 | D:11     | Noticed Erica
  8139 | D:11     | Killed Erica
  8179 | D:11     | Noticed a two-headed ogre
  8197 | D:11     | Killed a two-headed ogre
  8315 | D:11     | Reached skill level 5 in Armour
  8410 | D:11     | Noticed a cyclops
  8416 | D:11     | Killed a cyclops
  8757 | D:11     | Learned a level 4 spell: Dispel Undead
  8775 | D:11     | Noticed a two-headed ogre
  8780 | D:11     | Killed a two-headed ogre
  8781 | D:11     | Reached skill level 1 in Spellcasting
  8848 | D:11     | Noticed Sonja
  8852 | D:11     | Killed Sonja
  8853 | D:11     | Reached skill level 1 in Necromancy
  9249 | D:12     | Noticed a red ugly thing
  9266 | D:11     | Killed a red ugly thing
  9267 | D:11     | Reached XP level 12. HP: 50/65 MP: 14/16
  9309 | D:12     | Reached skill level 12 in Axes
  9368 | D:12     | Noticed a boulder beetle
  9415 | D:12     | Killed a boulder beetle
  9569 | D:12     | Noticed a fire dragon
  9571 | D:12     | Noticed a two-headed ogre
  9578 | D:12     | Killed a two-headed ogre
  9587 | D:12     | Killed a fire dragon
 10253 | Lair:1   | Entered Level 1 of the Lair of Beasts
 10399 | Lair:1   | Reached skill level 13 in Axes
 10700 | Lair:1   | Reached XP level 13. HP: 65/71 MP: 17/21
 10704 | Lair:1   | Reached skill level 5 in Spellcasting
 10980 | Lair:1   | Noticed Amaemon
 10985 | Lair:1   | Reached skill level 5 in Necromancy
 10994 | Lair:1   | Killed Amaemon
 11632 | Lair:3   | Reached skill level 10 in Fighting
 11649 | Lair:2   | Found a staircase to the Snake Pit.
 12120 | Lair:3   | Reached skill level 5 in Dodging
 12120 | Lair:3   | Reached XP level 14. HP: 77/77 MP: 24/24
 12198 | Lair:3   | Reached skill level 14 in Axes
 12528 | Lair:3   | Noticed Josephine
 12533 | Lair:3   | Killed Josephine
 12574 | Lair:3   | Noticed Gastronok
 12584 | Lair:3   | Killed Gastronok
 13038 | Lair:4   | Found a snail-covered altar of Cheibriados.
 13179 | Lair:5   | Entered Level 5 of the Lair of Beasts
 13193 | Lair:5   | Found a staircase to the Slime Pits.
 13193 | Lair:5   | Found a viscous altar of Jiyva.
 13406 | Lair:4   | Reached XP level 15. HP: 81/81 MP: 26/26
 14279 | Lair:5   | Reached skill level 15 in Axes
 14802 | Lair:5   | Identified the +0 cloak "Forget-Me-Not" {rF++ Int+4}
 15434 | D:13     | Found Dovic's Antique Armour Emporium.
 15453 | D:13     | Bought a heavily runed cloak for 304 gold pieces
 15453 | D:13     | Identified the +1 cloak of Leaves {rN+ rCorr} (You bought
                  | it in a shop on level 13 of the Dungeon)
 15605 | D:13     | Noticed a tengu reaver
 15620 | D:13     | HP: 4/84 [tengu reaver/+2 glaive of protection (5)]
 15791 | D:12     | Learned a level 5 spell: Agony
 15798 | D:12     | Learned a level 6 spell: Death Channel
 15819 | D:13     | Killed a tengu reaver
 15903 | D:13     | Found the +0 staff of Battle
 16066 | D:13     | Found a gate to the Vaults.
 16278 | D:15     | Entered Level 15 of the Dungeon
 16278 | D:15     | Found a staircase to the Depths.
 16687 | D:14     | Mangled by a white ugly thing

Illustrated notes

Levels and vault maps discovered:
D:1:      erik_arrival_blinker_ship, layout_basic
D:2:      layout_basic
D:3:      layout_loops_ring, minmay_puff
D:4:      layout_cave_pools, lemuel_round_altar, dreamdust_princess_bridge,
          uniq_crazy_yiuf_cottage
D:5:      layout_loops_ring, kennysheep_vampire_church, okawaru_metal_pillars_3,
          dancing_weapons_uskayaw
D:6:      hangedman_cross_stitches, layout_gridville, lemuel_tele_altar,
          minmay_temple_entry_stoned_glass
D:7:      layout_basic, nicolae_hepliaklqana_hazy_memory, nzn_ghost_randoct,
          serial_shops, nicolae_diamond_shop
D:8:      layout_loops_ring, mainiacjoe_overflow_brackets, due_unseen_surprise
D:9:      layout_roguey [special_room_bee], mainiacjoe_overflow_alcove_4,
          overflow_temple_1_default
D:10:     layout_cross, mainiacjoe_overflow_surrounded_room, lair_entry_dummy,
          orc_0_dummy
D:11:     layout_basic, uniq_erica, uniq_sonja
D:12:     layout_stronghold, serial_shops, nicolae_shop_hallway_stairs
D:13:     layout_basic, erik_vaults_1, serial_shops,
          nicolae_shop_advertising_works [nicolae_subvault_shop_adworks],
          hellmonk_guarded_unrand_staff_of_battle
D:14:     layout_irregular_city, amcnicky_mini_pool_small,
          minmay_misc_feat_more_columns
D:15:     gammafunk_depths_entry_grave, layout_gridville,
          nemelex_diamond_rough_becter, portal_ice_cave_entry_horrid_things,
          serial_shops, shop
Temple:   nicolae_temple_godzebo
Lair:1:   layout_small_grid, minivault_19, pond, uniq_amaemon
Lair:2:   layout_regular_city, skrybe_swamp_entry_bodies,
          minmay_snake_entry_guardpost_small, minivault_23, lemuel_fruit_fields
Lair:3:   layout_roguey, chequers_serial_rivers_small_3, serial_bayou_shore_a,
          serial_bayou_shore_b, lemuel_fruit_tree, uniq_josephine,
          uniq_gastronok
Lair:4:   layout_regular_city, basic_altar, chequers_serial_rivers_micro_e
Lair:5:   gammafunk_lair_ancient_temple, layout_concentric_octagons,
          nicolae_slime_entry_field_trip

Skill      XL: |  1  2  3  4  5  6  7  8  9 10 11 12 13 14 15 |
---------------+----------------------------------------------+-----
Axes           | 2 3 4 5 7 9 10 11 13 14 15 | 15.6
Fighting       | 3 4 5 6 7 8 9 10 12 | 12.0
Shields        | 3 4 5 6 |  6.9
Dodging        | 2 4 5 |  5.9
Armour         | 4 5 6 |  6.5
Spellcasting   | 2 4 6 7 |  7.3
Necromancy     | 1 4 6 7 9 |  9.4

Action                     |  1- 3 |  4- 6 |  7- 9 | 10-12 | 13-15 || total
---------------------------+-------+-------+-------+-------+-------++-------
  Melee: War axe           |    66 |   103 |   189 |   411 |   648 ||  1417
         Bite              |    12 |    29 |    51 |   197 |   286 ||   575
         Dagger            |       |       |       |    89 |       ||    89
  Throw: Boomerang         |       |       |     8 |       |       ||     8
         Dart              |       |       |       |       |     3 ||     3
         Throwing net      |       |       |       |       |     1 ||     1
   Cast: Dispel Undead     |       |       |       |       |     3 ||     3
  Evoke: Wand              |       |       |     4 |    16 |     4 ||    24
    Use: Potion            |       |     2 |       |     2 |     5 ||     9
         Scroll            |       |     8 |    10 |     5 |    13 ||    36
   Stab: Distracted        |       |       |       |       |     1 ||     1
 Armour: Scale mail        |    27 |    46 |   109 |   158 |   244 ||   584
  Dodge: Dodged            |    27 |    56 |    98 |   159 |   300 ||   640
  Block: Buckler           |    12 |    25 |    61 |   232 |   359 ||   689
         Reflection        |       |       |       |     6 |     5 ||    11

Table legend: (Time is in decaauts)
 A = Elapsed time spent in this place.
 B = Non-inter-level travel time spent in this place.
 C = Inter-level travel time spent in this place.
 D = Time resting spent in this place.
 E = Time spent auto-exploring this place.
 F = Levels seen in this place.
 G = Mean time per level.
                   A        B        C        D        E       F      G
               +--------+--------+--------+--------+--------+-----+--------+
         Total |  16827 |  16170 |    657 |    603 |  10728 |  21 |  801.3 |
       Dungeon |  11766 |  11288 |    478 |    412 |   7632 |  15 |  784.4 |
        Temple |    125 |    125 |      0 |      0 |     80 |   1 |  125.0 |
          Lair |   4935 |   4756 |    179 |    191 |   3015 |   5 |  987.0 |
               +--------+--------+--------+--------+--------+-----+--------+

Top non-repeatable levels by time:
    D:12: 1244 daAuts
  Lair:1: 1224 daAuts
    D:11: 1218 daAuts
  Lair:4: 1163 daAuts
  Lair:3: 1160 daAuts
  Lair:5: 1072 daAuts
     D:1: 921 daAuts
     D:6: 891 daAuts
     D:4: 890 daAuts
     D:9: 868 daAuts
    D:10: 837 daAuts
     D:5: 831 daAuts
    D:13: 786 daAuts
     D:3: 782 daAuts
     D:2: 684 daAuts
